 Dungeon Crawl Stone Soup version 0.30-a0-719-gcc4359ea44 (webtiles) character file.

Game seed: 11927724272226749676

116 Dittersdorf the Trooper (level 5, 0/33 HPs)
             Began as a Gargoyle Fighter on Jan 26, 2023.
             Was an Initiate of Okawaru.
             Killed from afar by an orc wizard (1 damage)
             ... with a puff of flame
             ... on level 4 of the Dungeon.
             The game lasted 00:02:27 (2651 turns).

Dittersdorf the Trooper (Gargoyle Fighter)          Turns: 2651, Time: 00:02:28

Health: 0/33       AC: 14    Str: 22    XL:     5   Next: 0%
Magic:  5/5        EV:  7    Int:  8    God:    Okawaru [......]
Gold:   218        SH:  4    Dex:  9    Spells: 4/4 levels left

rFire   + . .      SeeInvis .    a - +0 flail
rCold   . . .      Faith    .    c - +0 buckler
rNeg    + . .      Spirit   .    o - +0 chain mail
rPois   ∞          Reflect  .    (no helmet)
rElec   +          Harm     .    s - +0 cloak
rCorr   +          Rampage  .    (no gloves)
Will    .....                    (no boots) Stlth
                                 (no amulet)
HPRegen 0.25/turn                l - ring of protection from fire
MPRegen 0.09/turn                m - ring of resist corrosion

@: no status effects
A: sickness immunity, AC +4, negative energy resistance 1, electricity
resistance, torment resistance 1, petrification resistance
a: Renounce Religion


You were on level 4 of the Dungeon.
You worshipped Okawaru.
Okawaru was noncommittal.
You visited 2 branches of the dungeon, and saw 5 of its levels.

You collected 218 gold pieces.

Inventory:

Hand Weapons
 a - a +0 flail (weapon)
Missiles
 h - 6 poisoned darts (quivered)
 n - 2 throwing nets
Armour
 c - a +0 buckler (worn)
 o - a +0 chain mail (worn)
 s - a +0 cloak (worn)
Jewellery
 l - a ring of protection from fire (left hand)
 m - a ring of resist corrosion (right hand)
Wands
 b - a wand of flame (14)
Scrolls
 i - 2 scrolls of identify {unknown}
 j - a scroll of fog {unknown}
 p - a scroll of magic mapping {unknown}
 q - a scroll of amnesia {unknown}
 r - a scroll of butterflies {unknown}
Potions
 d - a potion of might
 e - 2 potions of degeneration {unknown}
 f - 5 potions of lignification {unknown}
 g - a potion of heal wounds {unknown}
 k - 3 potions of haste {unknown}


   Skills:
 + Level 4.2 Fighting
 + Level 2.9 Maces & Flails
 + Level 4.1 Armour
 + Level 4.1 Shields


You had 4 spell levels left.
You didn't know any spells.
Your spell library contained the following spells:

 Spells                   Type           Power      Damage    Failure   Level
 Inner Flame              Hex/Fire       0%         N/A       100%        3
 Flame Wave               Conj/Fire      0%         2d4       100%        4
 Petrify                  Tmut/Erth      0%         N/A       100%        4
 Sticky Flame             Conj/Fire      0%         2d3       100%        4
 Irradiate                Conj/Tmut      0%         3d11      100%        5
 Sublimation of Blood     Necr           Unusable   N/A       N/A         2

Dungeon Overview and Level Annotations

Branches:
Dungeon (4/15)             Temple (1/1) D:4

Altars:
Cheibriados
Dithmenos
Elyvilon
Fedhas
Gozag
Hepliaklqana
Kikubaaqudgha
Okawaru
Qazlal
Ru
Sif Muna
Trog
Uskayaw
Vehumet
Wu Jian
Xom
Yredelemnul
Zin
The Shining One


Innate Abilities, Weirdness & Mutations

You are immune to sickness and miasma.
Your stone body is resilient. (AC +4)
You are immune to poison.
You resist negative energy. (rN+)
You are resistant to electric shocks. (rElec)
You are resistant to unholy torment.
You are immune to petrification.


Message History

The orc wizard casts a spell.
The orc wizard flickers and vanishes!
Deactivating autopickup; reactivate with Ctrl-A.
The orc hits you but does no damage. The orc hits you with a +0 falchion.
You barely miss the orc.
The orc is lightly wounded.
The orc hits you but does no damage. The orc hits you with a +0 falchion.
You nearly stumble into some deep water!
The orc closely misses you. The orc hits you but does no damage.
You miss the orc. The orc hits you with a +0 club.
The orc hits you with a +0 falchion.
* * * LOW HITPOINT WARNING * * *
You barely miss the orc.
The orc is lightly wounded.
The orc barely misses you. The orc hits you but does no damage. x2
You nearly stumble into some deep water!
The orc hits you but does no damage. The orc hits you with a +0 club.
* * * LOW HITPOINT WARNING * * *
You miss the orc. The orc hits you but does no damage. x3
You nearly stumble into some deep water!
The orc hits you but does no damage. The orc hits you with a +0 falchion.
* * * LOW HITPOINT WARNING * * *
You hit the orc.
The orc is severely wounded.
The orc hits you but does no damage. The orc hits you with a +0 falchion.
* * * LOW HITPOINT WARNING * * *
The orc barely misses you. The orc hits you but does no damage.
You feel less confused. The orc hits you with a +0 falchion.
* * * LOW HITPOINT WARNING * * *
The orc barely misses you. x2
You closely miss the orc. The orc closely misses you.
You block the orc's attack. The orc closely misses you.
You barely miss the orc. The orc barely misses you. x2
The orc hits you with a +0 falchion.
* * * LOW HITPOINT WARNING * * *
You closely miss the orc.
A puff of flame appears from out of thin air!
The puff of flame hits you. You resist.
You die...

#......# ##..###
#####......##### ##...#
##..............# ###.#
.......J.........# ###..
......≈≈≈≈≈......# #....
....≈≈≈≈≈≈≈≈≈....# #.##.
..≈≈≈≈≈≈≈≈≈≈≈≈≈..###.##.
.≈≈≈≈≈≈.o.≈≈≈≈≈≈...#.###
.≈≈≈≈≈≈@o.≈≈≈≈≈≈.#.#.#
.≈≈≈≈≈≈...≈≈≈≈≈≈...#.#
.≈≈≈≈≈§≈≈≈~≈≈≈≈≈...#.#
..≈≈≈≈§≈≈≈≈~≈≈≈..#...#
....≈§≈≈≈≈≈~≈....#####
.....{≈≈≈≈≈..[.......#
.....................#
.......####..........#
..... #..........#


You could see 2 orcs and an endoplasm.

Vanquished Creatures
  4 gnolls (D:3)
  An adder (D:4)
  A worm (D:2)
  4 dart slugs
  6 ball pythons
  4 bats
  An endoplasm (D:2)
  4 giant cockroaches
  6 hobgoblins
  6 jackals (D:1)
  A quokka (D:2)
  2 frilled lizards (D:1)
  7 goblins
  6 kobolds
  A rat (D:2)
54 creatures vanquished.

Notes
Turn   | Place    | Note
-------+----------+-------------------------------------------
     0 | D:1      | Dittersdorf the Gargoyle Fighter began the quest for the
                  | Orb.
     0 | D:1      | Reached XP level 1. HP: 14/14 MP: 1/1
   187 | D:1      | Reached XP level 2. HP: 17/19 MP: 2/2
   570 | D:1      | Reached XP level 3. HP: 23/23 MP: 3/3
  1616 | D:3      | Reached XP level 4. HP: 26/29 MP: 4/4
  1707 | D:3      | Found a faded altar of an unknown god.
  2508 | D:4      | Found a glowing silver altar of Zin.
  2508 | D:4      | Found an opulent altar of Gozag.
  2562 | D:4      | Reached XP level 5. HP: 33/33 MP: 5/5
  2563 | D:4      | Found a staircase to the Ecumenical Temple.
  2605 | Temple   | Entered the Ecumenical Temple
  2610 | Temple   | Became a worshipper of Warmaster Okawaru
  2650 | D:4      | HP: 1/33 [orc/+0 falchion (2)]
  2651 | D:4      | Killed from afar by an orc wizard

Illustrated notes

Levels and vault maps discovered:
D:1:      lightli_arrival_maybe_door_vault, layout_loops_corners,
          chequers_serial_rivers_micro_d
D:2:      layout_rooms
D:3:      layout_basic, hellmonk_ecumenical_altar_arch_garden,
          kennysheep_generic_room_9
D:4:      layout_basic, grunt_temple_overflow_gold_and_silver, temple_pool_b
Temple:   sentei_temple_godly_chess

Skill      XL: |  1  2  3  4 |
---------------+-------------+-----
Fighting       | 4 |  4.2
Armour         | 4 |  4.1
Shields        | 4 |  4.1
Maces & Flails | |  2.9

Action                     |  1- 3 |  4- 6 || total
---------------------------+-------+-------++-------
  Melee: Flail             |   125 |    64 ||   189
 Armour: Scale mail        |    60 |       ||    60
         Chain mail        |    11 |    55 ||    66
  Dodge: Dodged            |    71 |    18 ||    89
  Block: Buckler           |    25 |     8 ||    33

Table legend: (Time is in decaauts)
 A = Elapsed time spent in this place.
 B = Non-inter-level travel time spent in this place.
 C = Inter-level travel time spent in this place.
 D = Time resting spent in this place.
 E = Time spent auto-exploring this place.
 F = Levels seen in this place.
 G = Mean time per level.
                   A        B        C        D        E       F      G
               +--------+--------+--------+--------+--------+-----+--------+
         Total |   2710 |   2626 |     84 |      0 |   2100 |   5 |  542.0 |
       Dungeon |   2699 |   2615 |     84 |      0 |   2100 |   4 |  674.8 |
        Temple |     10 |     10 |      0 |      0 |      0 |   1 |   10.0 |
               +--------+--------+--------+--------+--------+-----+--------+

Top non-repeatable levels by time:
     D:1: 985 daAuts
     D:3: 812 daAuts
     D:2: 480 daAuts
     D:4: 420 daAuts
  Temple: 10 daAuts
